 Dungeon Crawl Stone Soup version 0.27.1-33-g824d729ab1 (webtiles) character file.

Game seed: 8507721208564820980

12 Descartes the Changer (level 2, -1/14 HPs)
             Began as a Spriggan Wanderer on Dec 14, 2021.
             Slain by a kobold (5 damage)
             ... on level 1 of the Dungeon.
             The game lasted 00:01:46 (1037 turns).

Descartes the Changer (Spriggan Wanderer)           Turns: 1037, Time: 00:01:48

Health: -1/14      AC:  2    Str:  8    XL:     2   Next: 20%
Magic:  3/3        EV: 16    Int: 13    God:
Gold:   18         SH:  0    Dex: 14    Spells: 1/1 levels left

rFire    . . .     SeeInvis +   a - +2 dagger
rCold    . . .     Faith    .   (shield restricted)
rNeg     . . .     Spirit   .   d - +0 robe
rPois    .         Reflect  .   (helmet restricted)
rElec    .         Harm     .   (no cloak)
rCorr    .         Rampage  .   (gloves unavailable)
Will     .....                  (boots unavailable)
Stlth    ++........             (no amulet)
HPRegen  0.04/turn              (no ring)
MPRegen  0.08/turn              (no ring)

@: very quick
A: very small, no large weapons, unfitting armour, see invisible, speed 3
a: no special abilities


You were on level 1 of the Dungeon.
You visited 1 branch of the dungeon, and saw 1 of its levels.

You collected 18 gold pieces.

Inventory:

Hand Weapons
 a - a +2 dagger (weapon)
Missiles
 e - 19 sling bullets
Armour
 d - a +0 robe (worn)
Potions
 b - a potion of berserk rage
 c - 2 potions of curing


   Skills:
 - Level 1.5 Fighting
 + Level 1.0 Short Blades
 - Level 1.0 Polearms
 - Level 1.0 Throwing
 + Level 1.4 Dodging
 + Level 3.5 Stealth
 - Level 4.0 Transmutations
 - Level 1.3 Evocations


You had one spell level left.
You didn't know any spells.
Your spell library was empty.

Dungeon Overview and Level Annotations

Branches:
Dungeon (1/15)

Altars:


Innate Abilities, Weirdness & Mutations

You are very small and have problems with some larger weapons.
You are too small for most types of armour.
You have supernaturally acute eyesight. (SInv)
You cover ground extremely quickly. (Speed+++)


Message History

The ball python is severely wounded.
The kobold hits you with a +0 short sword.
The ball python bites you but does no damage.
The ball python constricts you. The rat barely misses you.
You completely miss the ball python.
The ball python is severely wounded.
The kobold completely misses you. The ball python closely misses you.
The ball python constricts you. The rat bites you.
You closely miss the ball python.
The ball python is severely wounded.
The kobold misses you. The ball python barely misses you.
The ball python constricts you.
You hit the ball python.
You kill the ball python!
The rat misses you. The kobold barely misses you.
You barely miss the hobgoblin. The rat closely misses you.
The kobold closely misses you. The hobgoblin completely misses you.
You barely miss the hobgoblin. The rat barely misses you.
The kobold hits you but does no damage. The hobgoblin hits you.
You are too injured to fight recklessly!
You are too injured to fight recklessly!
You are too injured to fight recklessly!
You are too injured to fight recklessly!
You are too injured to fight recklessly!
You are too injured to fight recklessly!
You are too injured to fight recklessly!
You are too injured to fight recklessly!
You are too injured to fight recklessly!
You are too injured to fight recklessly!
You are too injured to fight recklessly!
You are too injured to fight recklessly!
You are too injured to fight recklessly!
You hit the endoplasm.
The endoplasm is lightly wounded.
The rat misses you. The endoplasm freezes you.
You are frozen.
* * * LOW HITPOINT WARNING * * *
The kobold hits you with a +0 short sword.
You die...

.# .# # # ..## ##.#.#
...####### ### .#.#.#
.....##.. ..# .....
...#.##.# #.# #.#.#
...#.##†####.###....
#.........##.##g#r#.#.#
##.#.##.#.##.##.@K....#
.....##.#......J#†#.#.#
.#.####......###......
...# ######## #.#.#.
.#.# ..... ...# .#.#.#
..## .....# ..# .# #.#
.##


You could see an endoplasm, a hobgoblin, a kobold and a rat.

Vanquished Creatures
  2 ball pythons (D:1)
  3 endoplasms (D:1)
  A goblin (D:1)
  2 hobgoblins (D:1)
  2 rats (D:1)
10 creatures vanquished.

Vanquished Creatures (others)
  21 plants (D:1)
21 creatures vanquished.

Grand Total: 31 creatures vanquished

Notes
Turn   | Place    | Note
-------+----------+-------------------------------------------
     0 | D:1      | Descartes the Spriggan Wanderer began the quest for the
                  | Orb.
     0 | D:1      | Descartes set off with the following items: a +2 dagger, a
                  | potion of berserk rage, 2 potions of curing, a +0 robe
     0 | D:1      | Reached XP level 1. HP: 10/10 MP: 2/2
   517 | D:1      | Reached skill level 1 in Dodging
   550 | D:1      | Reached XP level 2. HP: 14/14 MP: 3/3
   872 | D:1      | Reached skill level 1 in Short Blades
  1037 | D:1      | Slain by a kobold

Illustrated notes

Levels and vault maps discovered:
D:1:      grunt_arrival_crossed_arrows, layout_loops_cross, glass_columns_a,
          serial_bayou_lagoon_a, st_stairs_13, minmay_small_reverse_x

Skill      XL: |  1  2 |
---------------+-------+-----
Dodging        | 1 |  1.4
Short Blades   | 1 |  1.0
Fighting       | |  1.5
Polearms       | |  1.0
Throwing       | |  1.0
Stealth        | |  3.5
Transmutations | |  4.0
Evocations     | |  1.3

Action                   || total
-------------------------++-------
Melee: Dagger            ||    36
 Stab: Sleeping          ||     1
Armor: Robe              ||     4
Dodge: Dodged            ||    25
